 Dungeon Crawl Stone Soup version 0.29.0-7-g18a832c13a (webtiles) character file.

Game seed: 49189732415127022

122 inmateoo the Insei (level 5, 0/40 HPs)
             Began as a Gnoll Transmuter on Aug 31, 2022.
             Slain by a quokka (1 damage)
             ... on level 2 of the Dungeon.
             The game lasted 00:01:16 (1409 turns).

inmateoo the Insei (Gnoll Transmuter)               Turns: 1409, Time: 00:01:16

Health: 0/40       AC:  2    Str:  9    XL:     5   Next: 6%
Magic:  12/12      EV: 13    Int: 14    God:
Gold:   90         SH:  0    Dex: 13    Spells: 8/14 levels left

rFire   . . .      SeeInvis .     - Unarmed
rCold   . . .      Faith    .   (no shield)
rNeg    . . .      Spirit   .   a - +0 robe
rPois   .          Reflect  .   (no helmet)
rElec   .          Harm     .   (no cloak)
rCorr   .          Rampage  .   (no gloves)
Will    .....                   (no boots)
Stlth   ++........              (no amulet)
HPRegen 0.13/turn               (no ring)
MPRegen 0.13/turn               (no ring)

@: flying
A: fangs 1, strong nose, distributed training
a: no special abilities


You were on level 2 of the Dungeon.
You visited 1 branch of the dungeon, and saw 2 of its levels.

You collected 90 gold pieces.

Inventory:

Armour
 a - a +0 robe (worn)
Scrolls
 c - 2 scrolls of enchant armour {unknown}
 d - 2 scrolls of poison {unknown}
 e - 2 scrolls of enchant weapon {unknown}
 f - a scroll of noise {unknown}
 h - 4 scrolls of identify {unknown}
 i - 2 scrolls of teleportation {unknown}
 k - a scroll of summoning {unknown}
 l - a scroll of vulnerability {unknown}
 o - a scroll of acquirement {unknown}
Potions
 g - a potion of curing {unknown}
 j - a potion of attraction {unknown}
 m - 2 potions of flight
 n - a potion of might {unknown}


   Skills:
 + Level 2.9 Fighting
 + Level 1.4 Short Blades
 + Level 1.4 Long Blades
 + Level 1.4 Axes
 + Level 1.4 Maces & Flails
 + Level 1.4 Polearms
 + Level 1.4 Staves
 + Level 1.4 Ranged Weapons
 + Level 1.4 Throwing
 + Level 1.4 Armour
 + Level 4.7 Dodging
 + Level 1.4 Stealth
 + Level 1.4 Shields
 + Level 6.6 Unarmed Combat
 + Level 5.1 Spellcasting
 + Level 1.1 Conjurations
 + Level 1.1 Hexes
 + Level 1.1 Summonings
 + Level 1.1 Necromancy
 + Level 1.1 Translocations
 + Level 3.9 Transmutations
 + Level 1.1 Fire Magic
 + Level 1.1 Ice Magic
 + Level 1.1 Air Magic
 + Level 1.1 Earth Magic
 + Level 1.1 Poison Magic
 + Level 1.5 Invocations
 + Level 1.4 Evocations


You had 8 spell levels left.
You knew the following spells:

 Your Spells              Type           Power      Damage    Failure   Level
a - Beastly Appendage     Tmut           28%        N/A       3%          1
b - Wereblood             Tmut           14%        N/A       4%          2
c - Spider Form           Tmut/Pois      10%        N/A       19%         3

Your spell library contained the following spells:

 Spells                   Type           Power      Damage    Failure   Level
 Ice Form                 Ice/Tmut       10%        N/A       52%         4


Dungeon Overview and Level Annotations

Branches:
Dungeon (2/15)

Altars:


Innate Abilities, Weirdness & Mutations

You have very sharp teeth.
Your uncanny sense of smell can sniff out nearby items.
Your experience applies equally to all skills.


Message History

You hear a shout!
You start resting.
Your primal bloodlust is almost over.
You start resting.
Your primal bloodlust has ended.
You start resting.
A hobgoblin comes into view.
A hobgoblin is nearby!
Your transformation is almost over.
The hobgoblin shouts!
A quokka comes into view.
You are too injured to fight recklessly!
You are too injured to fight recklessly!
You are too injured to fight recklessly!
You smack the hobgoblin!
You kill the hobgoblin!
You swing at nothing.
You feel less wooden.
Your +0 robe unmelds from your body.
You hit the quokka but do no damage.
The quokka bites you but does no damage.
You closely miss the quokka. The quokka barely misses you.
You barely miss the quokka. The quokka bites you.
You barely miss the quokka. The quokka misses you.
You hit the quokka but do no damage. The quokka bites you.
* * * LOW HITPOINT WARNING * * *
You barely miss the quokka. Your bite misses the quokka. The quokka bites you.
* * * LOW HITPOINT WARNING * * *
You barely miss the quokka. The quokka closely misses you.
You hit the quokka but do no damage. The quokka barely misses you.
You hit the quokka but do no damage. The quokka completely misses you.
You barely miss the quokka. The quokka misses you.
You closely miss the quokka. The quokka barely misses you.
The quokka bites you.
* * * LOW HITPOINT WARNING * * *
You closely miss the quokka. The quokka closely misses you.
It was a potion of flight.
You feel very buoyant.
You fly up into the air.
The quokka bites you.
You die...

......##....###.........#
.....(##.....#........###
......##..........^...#
......##..............#
.#..####........##########
.....##......#............
##...##.................##
..........(...............
##.......#.###..@$......#.
#.......#.# #...r........
#.....#.#.# #####....###.
##.....#...### ....##
#..##..†...............
#......###..............
..##...# #........##....
..##.#.###........#......
.....#.#.............


You could see a quokka.

Vanquished Creatures
  A phantom (D:2)
  An adder (D:2)
  2 bats
  7 endoplasms
  2 giant cockroaches
  A goblin (D:1)
  6 hobgoblins
  4 jackals (D:2)
  A quokka (D:1)
  9 ball pythons
  2 frilled lizards (D:2)
  A kobold (D:1)
  A rat (D:1)
38 creatures vanquished.

Notes
Turn   | Place    | Note
-------+----------+-------------------------------------------
     0 | D:1      | inmateoo the Gnoll Transmuter began the quest for the Orb.
     0 | D:1      | Reached XP level 1. HP: 17/17 MP: 6/6
   169 | D:1      | Reached XP level 2. HP: 14/23 MP: 5/7
   344 | D:1      | Learned a level 2 spell: Wereblood
   956 | D:1      | Reached skill level 5 in Spellcasting
   956 | D:1      | Reached XP level 3. HP: 28/28 MP: 6/9
  1068 | D:1      | Learned a level 3 spell: Spider Form
  1146 | D:2      | Reached skill level 1 in Invocations
  1262 | D:2      | Reached skill level 1 in Short Blades
  1262 | D:2      | Reached skill level 1 in Long Blades
  1262 | D:2      | Reached skill level 1 in Axes
  1262 | D:2      | Reached skill level 1 in Maces & Flails
  1262 | D:2      | Reached skill level 1 in Polearms
  1262 | D:2      | Reached skill level 1 in Staves
  1262 | D:2      | Reached skill level 1 in Ranged Weapons
  1262 | D:2      | Reached skill level 1 in Throwing
  1262 | D:2      | Reached skill level 1 in Armour
  1262 | D:2      | Reached skill level 1 in Stealth
  1262 | D:2      | Reached skill level 1 in Shields
  1262 | D:2      | Reached skill level 1 in Evocations
  1340 | D:2      | Noticed a phantom
  1359 | D:2      | Killed a phantom
  1360 | D:2      | Reached skill level 1 in Conjurations
  1360 | D:2      | Reached skill level 1 in Hexes
  1360 | D:2      | Reached skill level 1 in Summonings
  1360 | D:2      | Reached skill level 1 in Necromancy
  1360 | D:2      | Reached skill level 1 in Translocations
  1360 | D:2      | Reached skill level 1 in Fire Magic
  1360 | D:2      | Reached skill level 1 in Ice Magic
  1360 | D:2      | Reached skill level 1 in Air Magic
  1360 | D:2      | Reached skill level 1 in Earth Magic
  1360 | D:2      | Reached skill level 1 in Poison Magic
  1360 | D:2      | Reached XP level 4. HP: 11/34 MP: 8/11
  1360 | D:2      | Reached XP level 5. HP: 13/40 MP: 8/12
  1407 | D:2      | HP: 1/40 [quokka (4)]
  1409 | D:2      | Slain by a quokka

Illustrated notes

Levels and vault maps discovered:
D:1:      wander_arrival_estate, layout_loops_cross
D:2:      layout_rooms

Skill      XL: |  1  2  3 |
---------------+----------+-----
Spellcasting   | 5 |  5.1
Invocations    | 1 |  1.5
Short Blades   | 1 |  1.4
Long Blades    | 1 |  1.4
Axes           | 1 |  1.4
Maces & Flails | 1 |  1.4
Polearms       | 1 |  1.4
Staves         | 1 |  1.4
Ranged Weapons | 1 |  1.4
Throwing       | 1 |  1.4
Armour         | 1 |  1.4
Stealth        | 1 |  1.4
Shields        | 1 |  1.4
Evocations     | 1 |  1.4
Conjurations   | 1 |  1.1
Hexes          | 1 |  1.1
Summonings     | 1 |  1.1
Necromancy     | 1 |  1.1
Translocations | 1 |  1.1
Fire Magic     | 1 |  1.1
Ice Magic      | 1 |  1.1
Air Magic      | 1 |  1.1
Earth Magic    | 1 |  1.1
Poison Magic   | 1 |  1.1
Fighting       | |  2.9
Dodging        | |  4.7
Unarmed Combat | |  6.6
Transmutations | |  3.9

Action                   |  1- 3 |  4- 6 || total
-------------------------+-------+-------++-------
Melee: Unarmed           |    88 |    13 ||   101
       Headbutt          |    11 |       ||    11
       Kick              |    18 |       ||    18
       Punch             |     1 |       ||     1
       Bite              |     1 |       ||     1
 Cast: Beastly Appendage |    15 |       ||    15
       Wereblood         |     2 |       ||     2
  Use: Potion            |     1 |     1 ||     2
 Stab: Sleeping          |     1 |       ||     1
Armor: Robe              |    12 |     1 ||    13
       Skin              |     2 |       ||     2
Dodge: Dodged            |    54 |     8 ||    62
